Cool Beans, chaotic female elven Priestess ------ ----- |....| |...| |.``.----...| |..`........| |..--->---..| |---------.--- |..^^^<|.....| |..----|.....| --.| |.....| |.-----.....| |I`d@.......| |..---------- ---- Cool Beans the Acolyte Experience level: 3 Strength: 13 Dexterity: 11 Constitution: 13 Intelligence: 9 Wisdom: 18 Charisma: 9 Health: 0(23) Energy: 50(50) Def: 7 Gold: 121 Moves: 2589 Dungeon seed: z41pTZVcqDsL-3x4 Game ID: Cool Beans_1516325038 Your Inventory: Coins $ - 121 gold pieces Weapons a - a blessed +1 mace (weapon in hand) A - an uncursed +0 elven dagger (in quiver) Armor e - an uncursed +0 robe (being worn) n - a blessed +0 small shield (being worn) G - an uncursed +0 pair of leather gloves (being worn) Y - an uncursed +0 studded leather armor (being worn) Comestibles c - 2 uncursed cloves of garlic d - 2 uncursed sprigs of wolfsbane s - 5 uncursed food rations D - 2 uncursed cream pies H - 4 uncursed tripe rations O - 2 uncursed lembas wafers Scrolls k - an uncursed scroll of identify t - an uncursed scroll of create monster w - an uncursed scroll of enchant armor Q - an uncursed scroll of earth R - a blessed scroll of earth Spellbooks f - a blessed spellbook of clairvoyance g - a blessed spellbook of cure blindness x - an uncursed spellbook of levitation Potions b - 3 potions of holy water v - an uncursed potion of restore ability K - a cursed potion of fruit juice Rings l - a blessed +2 ring of increase damage (on left hand) J - a cursed ring of aggravate monster M - a cursed ring of polymorph Wands P - an uncursed wand of polymorph (0:6) Tools h - an uncursed oil lamp (0:1306) i - an uncursed bugle L - an uncursed blindfold Gems q - an uncursed worthless piece of white glass r - an uncursed worthless piece of yellowish brown glass y - an uncursed worthless piece of violet glass N - an uncursed worthless piece of red glass Boulders/Statues z - an uncursed statue of a male newt Spells and supernatural/magical abilities: Spells marked with '*' are forgotten. Spells marked with '!' are maintained. Spells marked with '#' are aliased with 'castalias'. Name Level Category Fail Memory W - pray for help -- divine ? -- X - turn undead -- divine ? -- Your skills at the end: Fighting Skills wands [Basic] Weapon Skills mace [Basic] Spellcasting Skills clerical spells [Basic] Final Attributes: You were cold resistant. You saw invisible. You had infravision. You had a +2 damage bonus. You are dead. Vanquished creatures: a shrieker a little dog a kitten an acid blob 2 hobbits 2 yellow molds a red mold 2 geckos 4 jackals a fox 3 kobolds a goblin a sewer rat 3 grid bugs a bat 4 lichens 6 newts 35 creatures vanquished. Voluntary challenges: You were an atheist. You used a wielded weapon 22 times, starting on turn 82. You were illiterate. You never genocided any monsters. You never polymorphed an object. You never changed form. You used no wishes. You never split a pudding. You never wrote Elbereth's name. You never violated your personal moral code. Dungeon overview: The Dungeons of Doom: levels 1 to 6 Level 1 an altar to Huan Ti, a fountain a long staircase Level 2 Level 3 a fountain a long staircase Level 4 a fountain Level 5 many fountains Level 6 stairs to Sokoban Sokoban: Level 5 <- You were here stairs to The Dungeons of Doom History has recorded: On T:1 you entered the Dungeons of Doom to retrieve the Amulet of Yendor! On T:454 you reached level 2 of The Dungeons of Doom. On T:883 you reached level 3 of The Dungeons of Doom. On T:1316 you reached level 4 of The Dungeons of Doom. On T:1363 you advanced to experience level 2. On T:1747 you advanced to experience level 3. On T:1807 you reached level 5 of The Dungeons of Doom. On T:1945 you received advice from The Oracle On T:2233 you reached level 6 of The Dungeons of Doom. On T:2346 you reached level 4 of Sokoban. Score breakdown: Gold: 121 ( 7097 points) Experience: 3 levels ( 7878 points) Exploration: 6 levels ( 11.54%) ( 9393 points) Discoveries: 3 items ( 1.03%) ( 3051 points) Valuables value: (no points given unless you survive) Artifact value: 0 ( 0 points) Variety of kills: 17 monsters ( 4.47%) ( 6345 points) Turncount: 2589 turns ( -382 points) Survival: died (score multiplied by 80%) Total score: 26705 Latest messages: Perhaps that's why you cannot move it. You hear a monster behind the boulder. Perhaps that's why you cannot move it. You hear a monster behind the boulder. Perhaps that's why you cannot move it. You hear a monster behind the boulder. Perhaps that's why you cannot move it. You hear a monster behind the boulder. Perhaps that's why you cannot move it. The rabid rat bites! The rabid rat's bite was poisoned! Your movements are slowed slightly because of your load. You feel very sick! Your movements are slowed slightly because of your load. The rabid rat bites! (2x) You displace your dog. You hear some noises nearby. This burns like acid! You die... The statue of a male newt is empty. The statue of a male newt is empty. Final status: Goodbye Cool Beans the Priestess, killed by a potion of holy water... You died in Sokoban on dungeon level 5 with 26705 points, and 121 pieces of gold, after 2589 moves. You were level 3 with a maximum of 23 hit points when you died.